Rangers vs Stars
Created - 1 novembre 2014 at 22:00
Goals
|
| Rangers |
0 |
1 |
3 |
0 |
4 |
| Stars |
1 |
2 |
1 |
1 |
5 |
|
Shots
|
| Rangers |
5 |
9 |
17 |
0 |
31 |
| Stars |
9 |
10 |
6 |
2 |
27 |
|
1st period
1. Stars , Milan Michalek 7 (Shane Doan, Tomas Plekanec) at 10:17
Penalties :
Alexei Emelin (NYR) for Holding (Minor) at 10:56, Pavel Kubina (Dal) for Interference (Minor) at 18:08
2nd period
2. Stars , Henrik Sedin 8 (Kurtis Foster, John Tavares) at 8:57
3. Stars , Alexei Morozov 3 (Henrik Sedin, Filip Novak) at 13:18
4. Rangers , Milan Lucic 13 (Brad Richards) at 19:30
Penalties :
Brent Seabrook (NYR) for Holding Stick (Minor) at 5:03, Johan Franzen (NYR) for Tripping (Minor) at 9:47
3rd period
5. Stars , Henrik Sedin 9 (Pavel Kubina, Alexei Morozov) at 3:34
6. Rangers , Patrice Bergeron 5 (Patrick Sharp, Cam Barker) at 4:16 (PP)
7. Rangers , Alexandre Burrows 8 (Drew Stafford) at 13:32
8. Rangers , Johan Franzen 2 (Milan Lucic, Radek Bonk) at 19:34
Penalties :
Kurtis Foster (Dal) for Holding (Minor) at 0:44, Daniel Sedin (Dal) for Hooking (Minor) at 3:39, Drew Stafford (NYR) for Holding (Minor) at 4:50, Shane Doan (Dal) for Tripping (Minor) at 15:09
Overtime #1
9. Stars , John Tavares 5 (Kurtis Foster, Brendan Bell) at 0:53
Penalties :
No Penalty
Goalie Stats
Henrik Lundqvist (NYR), 22 saves from 27 shots - (0,815), OTL, 4-9-2, 60:31 minutes
Patrick Lalime (Dal), 27 saves from 31 shots - (0,871), W, 4-4-1, 60:53 minutes
Players Stats for Rangers
Player Name G A P +/- PIM S H SB GA TA FO MP PP MP PK MP
------------------------------------------------------------------------------------
Alexandre Burrows 1 0 1 0 0 4 1 0 0 0 0/0 14:45 0:00 1:18
Alexei Emelin 0 0 0 0 2 0 0 0 0 0 0/0 3:35 0:00 0:19
Brad Richards 0 1 1 -1 0 3 2 0 0 1 13/29 22:03 3:30 4:24
Brent Seabrook 0 0 0 0 2 2 1 1 0 2 0/0 25:44 3:45 3:08
Cam Barker 0 1 1 0 0 2 2 0 1 0 0/0 29:25 3:45 4:19
Drew Stafford 0 1 1 0 2 5 1 1 0 0 0/0 12:42 0:00 0:00
Dustin Brown 0 0 0 -1 0 0 1 1 0 0 1/1 17:03 3:04 0:00
Johan Franzen 1 0 1 0 2 4 4 0 0 0 3/3 17:18 3:30 0:00
Kimmo Timonen 0 0 0 -1 0 1 1 0 0 1 0/0 20:39 2:49 3:37
Mark Fistric 0 0 0 -1 0 2 0 4 0 0 0/0 20:12 2:49 3:37
Matt Greene 0 0 0 -1 0 0 3 0 0 0 0/0 10:49 0:00 0:00
Matt Read 0 0 0 0 0 0 2 0 0 0 0/0 4:49 0:00 0:00
Milan Lucic 1 1 2 0 0 1 4 1 2 0 3/10 26:14 3:30 4:24
Patrice Bergeron 1 0 1 -2 0 5 3 0 0 1 3/6 19:32 3:04 2:14
Patrick Sharp 0 1 1 -2 0 2 3 2 1 0 0/0 19:32 3:04 2:14
Radek Bonk 0 1 1 1 0 0 0 0 0 0 5/9 14:40 0:00 1:18
Staffan Kronwall 0 0 0 -1 0 0 0 0 0 0 0/0 11:41 0:00 0:52
Valtteri Filppula 0 0 0 0 0 0 0 0 0 0 1/3 4:49 0:00 0:00
Players Stats for Stars
Player Name G A P +/- PIM S H SB GA TA FO MP PP MP PK MP
------------------------------------------------------------------------------------
Alexei Morozov 1 1 2 3 0 2 2 0 0 0 2/3 18:14 3:25 0:00
Brendan Bell 0 1 1 0 0 1 2 0 0 0 0/0 21:37 2:57 3:20
Bryan Berard 0 0 0 1 0 0 1 0 1 0 0/0 14:25 2:57 0:35
Daniel Cleary 0 0 0 -1 0 3 1 0 0 0 0/0 10:39 0:00 2:04
Daniel Sedin 0 0 0 2 2 2 3 0 0 0 2/3 20:35 4:31 1:32
Éric Belanger 0 0 0 0 0 1 1 0 0 1 2/3 11:39 0:00 1:28
Evgeny Artyukhin 0 0 0 0 0 1 1 1 0 0 0/0 10:04 0:00 0:00
Filip Novak 0 1 1 1 0 0 0 1 0 0 0/0 10:10 0:00 0:10
Henrik Sedin 2 1 3 2 0 3 1 0 1 0 11/23 19:41 4:31 0:00
Jan Hlavac 0 0 0 -1 0 0 1 0 1 0 1/1 11:51 0:00 3:34
John Tavares 1 1 2 1 0 2 0 0 0 0 0/1 11:12 0:00 0:56
Kurtis Foster 0 2 2 1 2 1 3 0 0 0 0/0 28:53 4:59 2:47
Marty Reasoner 0 0 0 -1 0 1 0 0 0 1 7/12 11:51 0:00 3:34
Milan Michalek 1 0 1 0 0 4 1 0 0 0 1/1 16:01 3:25 0:00
Pavel Kubina 0 1 1 1 2 2 2 0 0 0 0/0 28:24 4:59 2:59
Randy Jones 0 0 0 0 0 0 0 0 1 1 0/0 18:35 0:00 3:17
Shane Doan 0 1 1 0 2 2 3 0 1 1 0/1 17:02 4:31 0:00
Tomas Plekanec 0 1 1 0 0 2 1 0 0 0 6/13 16:01 3:25 0:00
3 Stars
1 - Henrik Sedin (Dal)
2 - Alexei Morozov (Dal)
3 - Milan Lucic (NYR)
Power Play
Rangers - 1 on 4 Attempt(s) - 25,00%
Stars - 0 on 4 Attempt(s) - 0,00%
Penalty Kill
Rangers - 4 on 4 Attempt(s) - 100,00%
- Score 0 goal in Penalty Kill
Stars - 3 on 4 Attempt(s) - 75,00%
- Score 0 goal in Penalty Kill
Official
Referees : Kozari Steve and Leggo Mike
Linesman : Steve Miller and Jonny Murray
Game Notes
No Game Note
Finance
Level 1 -- Attendance: 5778 (96,30%) -- Ticket Income 491 130 $
Level 2 -- Attendance: 4048 (80,96%) -- Ticket Income 222 640 $
Level 3 -- Attendance: 1759 (87,95%) -- Ticket Income 52 770 $
Level 4 -- Attendance: 3789 (94,73%) -- Ticket Income 71 991 $
Luxury Box -- Attendance: 739 (73,90%) -- Ticket Income 129 325 $
Game was played at the American Airlines Center
Total Attendance: 16113 (89,52%)
Total Ticket Income: 967 856 $
Other Income: 145 178 $
Total Income: 1 113 034 $
Rangers
5 vs 5 Forward
Center Left Wing Right Wing Time % Phy DF OF
1 Brad Richards Milan Lucic Johan Franzen 40 1 2 2
2 Patrice Bergeron Patrick Sharp Dustin Brown 30 1 2 2
3 Radek Bonk Alexandre Burrows Drew Stafford 20 1 2 2
4 Valtteri Filppula Milan Lucic Matt Read 10 1 2 2
5 vs 5 Defense
Defense Defense Time % Phy DF OF
1 Cam Barker Brent Seabrook 40 1 2 2
2 Kimmo Timonen Mark Fistric 30 1 2 2
3 Matt Greene Staffan Kronwall 20 1 2 2
4 Alexei Emelin Cam Barker 10 1 2 2
PowerPlay Forward
Center Left Wing Right Wing Time % Phy DF OF
1 Brad Richards Milan Lucic Johan Franzen 60 1 2 2
2 Patrice Bergeron Patrick Sharp Dustin Brown 40 1 2 2
PowerPlay Defense
Defense Defense Time % Phy DF OF
1 Cam Barker Brent Seabrook 60 1 2 2
2 Kimmo Timonen Mark Fistric 40 1 2 2
Penalty Kill 4 Players Forward
Center Wing Time % Phy DF OF
1 Milan Lucic Brad Richards 60 1 2 2
2 Patrick Sharp Patrice Bergeron 40 1 2 2
Penalty Kill 4 Players Defense
Defense Defense Time % Phy DF OF
1 Cam Barker Brent Seabrook 60 1 2 2
2 Kimmo Timonen Mark Fistric 40 1 2 2
Penalty Kill - 3 Players Forward
Forward Time % Phy DF OF
1 Milan Lucic 60 1 2 2
2 Brad Richards 40 1 2 2
Penalty Kill - 3 Players Defense
Defense Defense Time % Phy DF OF
1 Cam Barker Brent Seabrook 60 1 2 2
2 Kimmo Timonen Mark Fistric 40 1 2 2
4 vs 4 Forward
Center Wing Time % Phy DF OF
1 Milan Lucic Brad Richards 60 1 2 2
2 Patrick Sharp Patrice Bergeron 40 1 2 2
4 vs 4 Defense
Defense Defense Time % Phy DF OF
1 Cam Barker Brent Seabrook 60 1 2 2
2 Kimmo Timonen Mark Fistric 40 1 2 2
Last Minutes Offensive
Center Left Wing Right Wing Defense Defense
Brad Richards Milan Lucic Johan Franzen Cam Barker Brent Seabrook
Last Minutes Defensive
Center Left Wing Right Wing Defense Defense
Brad Richards Milan Lucic Johan Franzen Cam Barker Brent Seabrook
Goaltenders
Starting : Henrik Lundqvist
Backup : Hannu Toivonen
Extra Forwards
Normal : Drew Stafford, Alexandre Burrows, Radek Bonk - PP : Drew Stafford, Alexandre Burrows - PK : Radek Bonk
Extra Defensemen
Normal : Matt Greene, Staffan Kronwall, Alexei Emelin - PP : Matt Greene - PK : Staffan Kronwall, Alexei Emelin
Penalty Shots
Milan Lucic, Brad Richards, Patrick Sharp, Patrice Bergeron, Johan Franzen
Stars
5 vs 5 Forward
Center Left Wing Right Wing Time % Phy DF OF
1 Henrik Sedin Daniel Sedin Alexei Morozov 40 1 2 2
2 Tomas Plekanec Milan Michalek Shane Doan 30 1 2 2
3 Éric Belanger John Tavares Evgeny Artyukhin 20 1 2 2
4 Marty Reasoner Jan Hlavac Daniel Cleary 10 1 2 2
5 vs 5 Defense
Defense Defense Time % Phy DF OF
1 Pavel Kubina Kurtis Foster 40 1 2 2
2 Randy Jones Brendan Bell 30 1 2 2
3 Filip Novak Bryan Berard 20 1 2 2
4 Pavel Kubina Kurtis Foster 10 1 2 2
PowerPlay Forward
Center Left Wing Right Wing Time % Phy DF OF
1 Henrik Sedin Daniel Sedin Shane Doan 60 1 2 2
2 Tomas Plekanec Milan Michalek Alexei Morozov 40 1 2 2
PowerPlay Defense
Defense Defense Time % Phy DF OF
1 Pavel Kubina Kurtis Foster 60 1 2 2
2 Bryan Berard Brendan Bell 40 1 2 2
Penalty Kill 4 Players Forward
Center Wing Time % Phy DF OF
1 Marty Reasoner Jan Hlavac 60 1 2 2
2 Éric Belanger Daniel Cleary 40 1 2 2
Penalty Kill 4 Players Defense
Defense Defense Time % Phy DF OF
1 Pavel Kubina Kurtis Foster 60 1 2 2
2 Randy Jones Brendan Bell 40 1 2 2
Penalty Kill - 3 Players Forward
Forward Time % Phy DF OF
1 Marty Reasoner 60 1 2 2
2 Éric Belanger 40 1 2 2
Penalty Kill - 3 Players Defense
Defense Defense Time % Phy DF OF
1 Pavel Kubina Kurtis Foster 60 1 2 2
2 Randy Jones Brendan Bell 40 1 2 2
4 vs 4 Forward
Center Wing Time % Phy DF OF
1 Henrik Sedin Daniel Cleary 60 1 2 2
2 John Tavares Alexei Morozov 40 1 2 2
4 vs 4 Defense
Defense Defense Time % Phy DF OF
1 Pavel Kubina Kurtis Foster 60 1 2 2
2 Randy Jones Brendan Bell 40 1 2 2
Last Minutes Offensive
Center Left Wing Right Wing Defense Defense
Henrik Sedin Daniel Sedin Shane Doan Pavel Kubina Kurtis Foster
Last Minutes Defensive
Center Left Wing Right Wing Defense Defense
Marty Reasoner Jan Hlavac Daniel Cleary Pavel Kubina Kurtis Foster
Goaltenders
Starting : Patrick Lalime
Backup : Pascal Leclaire
Extra Forwards
Normal : Éric Belanger, Tomas Plekanec, John Tavares - PP : Milan Michalek, Alexei Morozov - PK : Daniel Cleary
Extra Defensemen
Normal : Kurtis Foster, Filip Novak, Randy Jones - PP : Pavel Kubina - PK : Pavel Kubina, Randy Jones
Penalty Shots
Henrik Sedin, John Tavares, Daniel Sedin, Milan Michalek, Shane Doan
% Time on Ice - Rangers
Lines # - Real PCT - Wanted PCT - Time Play
Normal Forward
1 - 30% - 40% - 13:22
2 - 32% - 30% - 14:27
3 - 27% - 20% - 12:04
4 - 11% - 10% - 4:49
Normal Defense
1 - 41% - 40% - 18:14
2 - 29% - 30% - 13:02
3 - 24% - 20% - 10:49
4 - 6% - 10% - 2:37
PP Forward
1 - 53% - 60% - 3:30
2 - 47% - 40% - 3:04
PP Defense
1 - 57% - 60% - 3:45
2 - 43% - 40% - 2:49
PK Forward
1 - 72% - 60% - 5:42
2 - 28% - 40% - 2:14
PK Defense
1 - 54% - 60% - 4:19
2 - 46% - 40% - 3:37
PK3 Forward
1 - 0% - 60%
2 - 0% - 40%
PK3 Defense
1 - 0% - 60%
2 - 0% - 40%
44 Forward
1 - 75% - 60% - 0:40
2 - 25% - 40% - 0:13
44 Defense
1 - 100% - 60% - 0:53
2 - 0% - 40% - 0:00
Last Minute Offensive - 0:48
Last Minute Defensive - 0:00
Total
Forward - 60:53
Defense - 60:53
|
% Time on Ice - Stars
Lines # - Real PCT - Wanted PCT - Time Play
Normal Forward
1 - 33% - 40% - 14:53
2 - 28% - 30% - 12:36
3 - 22% - 20% - 10:04
4 - 16% - 10% - 7:17
Normal Defense
1 - 42% - 40% - 18:44
2 - 33% - 30% - 14:57
3 - 22% - 20% - 9:55
4 - 3% - 10% - 1:14
PP Forward
1 - 57% - 60% - 4:31
2 - 43% - 40% - 3:25
PP Defense
1 - 63% - 60% - 4:59
2 - 37% - 40% - 2:57
PK Forward
1 - 78% - 60% - 5:06
2 - 22% - 40% - 1:28
PK Defense
1 - 80% - 60% - 5:17
2 - 20% - 40% - 1:17
PK3 Forward
1 - 0% - 60%
2 - 0% - 40%
PK3 Defense
1 - 0% - 60%
2 - 0% - 40%
44 Forward
1 - 77% - 60% - 0:41
2 - 23% - 40% - 0:12
44 Defense
1 - 57% - 60% - 0:30
2 - 43% - 40% - 0:23
Last Minute Offensive - 0:00
Last Minute Defensive - 0:40
Total
Forward - 60:53
Defense - 60:53
|
Play by Play
1st period
0:01 of 1st period - Brad Richards wins face-off versus Henrik Sedin in neutral zone.
0:04 of 1st period - Daniel Sedin is hit by Johan Franzen and loses puck.
0:25 of 1st period - Tomas Plekanec is hit by Patrick Sharp and loses puck.
0:53 of 1st period - Snap shot by Drew Stafford.
0:53 of 1st period - Stopped by Patrick Lalime with a rebound.
1:07 of 1st period - Icing by Daniel Cleary.
1:08 of 1st period - Marty Reasoner wins face-off versus Valtteri Filppula in Stars zone.
1:15 of 1st period - Slapshot by Jan Hlavac.
1:15 of 1st period - Deflect By Daniel Cleary.
1:15 of 1st period - Stopped by Henrik Lundqvist with a rebound.
1:17 of 1st period - Wrist shot by Marty Reasoner.
1:17 of 1st period - Stopped by Henrik Lundqvist without a rebound.
1:18 of 1st period - Daniel Sedin wins face-off versus Milan Lucic in Rangers zone.
1:52 of 1st period - Wrist shot by Milan Michalek.
1:52 of 1st period - Stopped by Henrik Lundqvist without a rebound.
1:53 of 1st period - Henrik Sedin wins face-off versus Radek Bonk in Rangers zone.
2:24 of 1st period - Snap shot by Patrice Bergeron.
2:24 of 1st period - Stopped by Patrick Lalime with a rebound.
2:32 of 1st period - Snap shot by Alexei Morozov.
2:32 of 1st period - Stopped by Henrik Lundqvist without a rebound.
2:33 of 1st period - Éric Belanger wins face-off versus Brad Richards in Rangers zone.
2:34 of 1st period - Snap shot by John Tavares.
2:34 of 1st period - Shot Misses the Net.
3:19 of 1st period - Alexandre Burrows is hit by Kurtis Foster and loses puck.
3:28 of 1st period - Snap shot by Drew Stafford.
3:28 of 1st period - Shot Misses the Net.
4:29 of 1st period - Wrist shot by Radek Bonk.
4:29 of 1st period - Shot Misses the Net.
4:31 of 1st period - Wrist shot by Radek Bonk.
4:31 of 1st period - Shot Misses the Net.
5:11 of 1st period - Kimmo Timonen is hit by Tomas Plekanec and loses puck.
6:36 of 1st period - Wrist shot by Kimmo Timonen.
6:36 of 1st period - Deflect By Brad Richards.
6:36 of 1st period - Stopped by Patrick Lalime without a rebound.
6:37 of 1st period - Brad Richards wins face-off versus Marty Reasoner in Stars zone.
7:22 of 1st period - Snap shot by Milan Lucic.
7:22 of 1st period - Shot Misses the Net.
7:48 of 1st period - Backhand shot by Evgeny Artyukhin.
7:48 of 1st period - Shot Misses the Net.
9:01 of 1st period - Dustin Brown is hit by Kurtis Foster and loses puck.
9:10 of 1st period - Slapshot by Evgeny Artyukhin.
9:10 of 1st period - Stopped by Henrik Lundqvist without a rebound.
9:11 of 1st period - Henrik Sedin wins face-off versus Radek Bonk in Rangers zone.
9:26 of 1st period - Snap shot by Henrik Sedin.
9:26 of 1st period - Deflect By Alexei Morozov.
9:26 of 1st period - Shot Hit the Post.
9:26 of 1st period - Puck is out of play.
9:27 of 1st period - Brad Richards wins face-off versus Shane Doan in Rangers zone.
9:35 of 1st period - Off-side.
9:36 of 1st period - Tomas Plekanec wins face-off versus Brad Richards in neutral zone.
9:49 of 1st period - Wrist shot by Milan Lucic.
9:49 of 1st period - Shot Misses the Net.
10:15 of 1st period - Snap shot by Milan Michalek.
10:15 of 1st period - Shot Misses the Net.
10:17 of 1st period - Snap shot by Milan Michalek.
10:17 of 1st period - Goal by Milan Michalek - Rangers : 0 - Stars : 1.
10:18 of 1st period - Patrice Bergeron wins face-off versus Daniel Sedin in neutral zone.
10:21 of 1st period - Randy Jones is hit by Patrick Sharp and loses puck.
10:34 of 1st period - Snap shot by Patrick Sharp.
10:34 of 1st period - Stopped by Patrick Lalime without a rebound.
10:35 of 1st period - Éric Belanger wins face-off versus Brad Richards in Stars zone.
10:35 of 1st period - Éric Belanger is hit by Milan Lucic.
10:56 of 1st period - Minor Penalty to Alexei Emelin for Holding.
10:57 of 1st period - Milan Lucic wins face-off versus Henrik Sedin in Rangers zone.
10:57 of 1st period - Milan Lucic is hit by Shane Doan.
11:09 of 1st period - Snap shot by Shane Doan.
11:09 of 1st period - Stopped by Henrik Lundqvist without a rebound.
11:10 of 1st period - Henrik Sedin wins face-off versus Milan Lucic in Rangers zone.
11:11 of 1st period - Snap shot by Pavel Kubina.
11:11 of 1st period - Stopped by Henrik Lundqvist with a rebound.
11:13 of 1st period - Wrist shot by Daniel Sedin.
11:13 of 1st period - Shot Blocked by Brent Seabrook.
12:56 of 1st period - Penalty to Alexei Emelin is over, Alexei Emelin is back on ice.
14:12 of 1st period - Wrist shot by Tomas Plekanec.
14:12 of 1st period - Shot Misses the Net.
14:53 of 1st period - Slapshot by John Tavares.
14:53 of 1st period - Shot Misses the Net.
15:21 of 1st period - Snap shot by Johan Franzen.
15:21 of 1st period - Stopped by Patrick Lalime with a rebound.
15:35 of 1st period - Daniel Cleary is hit by Dustin Brown and loses puck.
15:46 of 1st period - Brendan Bell is hit by Matt Read and loses puck.
16:15 of 1st period - Kimmo Timonen is hit by Pavel Kubina and loses puck.
17:04 of 1st period - Shane Doan is hit by Matt Read.
17:08 of 1st period - Wrist shot by Tomas Plekanec.
17:08 of 1st period - Stopped by Henrik Lundqvist without a rebound.
17:09 of 1st period - Tomas Plekanec wins face-off versus Brad Richards in Rangers zone.
17:56 of 1st period - Cam Barker is hit by Éric Belanger and loses puck.
18:08 of 1st period - Minor Penalty to Pavel Kubina for Interference.
18:09 of 1st period - Marty Reasoner wins face-off versus Milan Lucic in Stars zone.
18:46 of 1st period - Daniel Cleary is hit by Brad Richards and loses puck.
19:45 of 1st period - Patrick Sharp is hit by Daniel Sedin.
19:49 of 1st period - John Tavares is hit by Cam Barker and loses puck.
19:55 of 1st period - Off-side.
19:56 of 1st period - Brad Richards wins face-off versus Marty Reasoner in neutral zone.
Goals for this period are 0 for Rangers vs 1 for Stars.
Shots for this period are 5 for Rangers vs 9 for Stars.
2nd period
0:01 of 2nd period - Marty Reasoner wins face-off versus Brad Richards in neutral zone.
0:08 of 2nd period - Penalty to Pavel Kubina is over, Pavel Kubina is back on ice.
0:54 of 2nd period - Wrist shot by Daniel Sedin.
0:54 of 2nd period - Stopped by Henrik Lundqvist with a rebound.
0:56 of 2nd period - Wrist shot by Daniel Sedin.
0:56 of 2nd period - Shot Misses the Net.
0:58 of 2nd period - Snap shot by Alexei Morozov.
0:58 of 2nd period - Deflect By Daniel Sedin.
0:58 of 2nd period - Shot Blocked by Dustin Brown.
0:58 of 2nd period - Puck is out of play.
0:59 of 2nd period - Johan Franzen wins face-off versus Tomas Plekanec in Rangers zone.
1:47 of 2nd period - Milan Lucic is hit by Jan Hlavac.
2:11 of 2nd period - Slapshot by Patrick Sharp.
2:11 of 2nd period - Shot Misses the Net.
2:17 of 2nd period - Patrice Bergeron is hit by Alexei Morozov and loses puck.
2:40 of 2nd period - Shane Doan is hit by Johan Franzen and loses puck.
2:51 of 2nd period - Alexandre Burrows is hit by Evgeny Artyukhin and loses puck.
2:56 of 2nd period - Snap shot by John Tavares.
2:56 of 2nd period - Stopped by Henrik Lundqvist without a rebound.
2:57 of 2nd period - Patrice Bergeron wins face-off versus Henrik Sedin in Rangers zone.
3:06 of 2nd period - Brent Seabrook is hit by Henrik Sedin and loses puck.
3:29 of 2nd period - Slapshot by Éric Belanger.
3:29 of 2nd period - Shot Misses the Net.
3:46 of 2nd period - Icing by Milan Michalek.
3:47 of 2nd period - Tomas Plekanec wins face-off versus Brad Richards in Stars zone.
4:12 of 2nd period - Pavel Kubina is hit by Matt Greene and loses puck.
4:46 of 2nd period - Icing by Kimmo Timonen.
4:47 of 2nd period - Radek Bonk wins face-off versus Tomas Plekanec in Rangers zone.
4:47 of 2nd period - Radek Bonk is hit by Milan Michalek.
4:53 of 2nd period - Snap shot by Drew Stafford.
4:53 of 2nd period - Stopped by Patrick Lalime with a rebound.
4:55 of 2nd period - Snap shot by Alexandre Burrows.
4:55 of 2nd period - Stopped by Patrick Lalime without a rebound.
4:56 of 2nd period - Milan Michalek wins face-off versus Brad Richards in Stars zone.
4:56 of 2nd period - Milan Michalek is hit by Johan Franzen.
5:03 of 2nd period - Minor Penalty to Brent Seabrook for Holding Stick.
5:04 of 2nd period - Daniel Sedin wins face-off versus Milan Lucic in Rangers zone.
6:34 of 2nd period - Pavel Kubina is hit by Patrice Bergeron and loses puck.
6:52 of 2nd period - Backhand shot by Kurtis Foster.
6:52 of 2nd period - Stopped by Henrik Lundqvist without a rebound.
6:53 of 2nd period - Radek Bonk wins face-off versus Tomas Plekanec in Rangers zone.
7:03 of 2nd period - Penalty to Brent Seabrook is over, Brent Seabrook is back on ice.
7:44 of 2nd period - Snap shot by Daniel Cleary.
7:44 of 2nd period - Stopped by Henrik Lundqvist without a rebound.
7:45 of 2nd period - Jan Hlavac wins face-off versus Radek Bonk in Rangers zone.
8:55 of 2nd period - Snap shot by Kurtis Foster.
8:55 of 2nd period - Shot Blocked by Mark Fistric.
8:57 of 2nd period - Slapshot by Henrik Sedin.
8:57 of 2nd period - Goal by Henrik Sedin - Rangers : 0 - Stars : 2.
8:58 of 2nd period - Johan Franzen wins face-off versus Henrik Sedin in neutral zone.
9:13 of 2nd period - Wrist shot by Milan Lucic.
9:13 of 2nd period - Deflect By Johan Franzen.
9:13 of 2nd period - Shot Misses the Net.
9:13 of 2nd period - Puck is out of play.
9:14 of 2nd period - Tomas Plekanec wins face-off versus Patrice Bergeron in Stars zone.
9:47 of 2nd period - Minor Penalty to Johan Franzen for Tripping.
9:48 of 2nd period - Milan Lucic wins face-off versus Henrik Sedin in Rangers zone.
10:15 of 2nd period - Icing by Tomas Plekanec.
10:16 of 2nd period - Tomas Plekanec wins face-off versus Milan Lucic in Stars zone.
10:48 of 2nd period - Mark Fistric is hit by Kurtis Foster and loses puck.
11:42 of 2nd period - Brendan Bell is hit by Cam Barker and loses puck.
11:47 of 2nd period - Penalty to Johan Franzen is over, Johan Franzen is back on ice.
11:57 of 2nd period - Snap shot by Shane Doan.
11:57 of 2nd period - Stopped by Henrik Lundqvist without a rebound.
11:58 of 2nd period - Dustin Brown wins face-off versus Éric Belanger in Rangers zone.
12:30 of 2nd period - Jan Hlavac is hit by Matt Greene and loses puck.
12:45 of 2nd period - Kimmo Timonen is hit by Shane Doan and loses puck.
12:58 of 2nd period - Wrist shot by Drew Stafford.
12:58 of 2nd period - Stopped by Patrick Lalime with a rebound.
13:00 of 2nd period - Wrist shot by Radek Bonk.
13:00 of 2nd period - Shot Misses the Net.
13:02 of 2nd period - Slapshot by Brent Seabrook.
13:02 of 2nd period - Stopped by Patrick Lalime with a rebound.
13:04 of 2nd period - Snap shot by Alexandre Burrows.
13:04 of 2nd period - Deflect By Drew Stafford.
13:04 of 2nd period - Stopped by Patrick Lalime without a rebound.
13:05 of 2nd period - Henrik Sedin wins face-off versus Patrice Bergeron in Stars zone.
13:12 of 2nd period - Slapshot by Alexei Morozov.
13:12 of 2nd period - Shot Blocked by Patrick Sharp.
13:14 of 2nd period - Wrist shot by Henrik Sedin.
13:14 of 2nd period - Shot Blocked by Patrick Sharp.
13:16 of 2nd period - Slapshot by Filip Novak.
13:16 of 2nd period - Shot Blocked by Mark Fistric.
13:18 of 2nd period - Wrist shot by Henrik Sedin.
13:18 of 2nd period - Deflect By Alexei Morozov.
13:18 of 2nd period - Goal by Alexei Morozov - Rangers : 0 - Stars : 3.
13:19 of 2nd period - Brad Richards wins face-off versus Alexei Morozov in neutral zone.
15:45 of 2nd period - Henrik Sedin is hit by Matt Greene.
16:31 of 2nd period - Icing by Randy Jones.
16:32 of 2nd period - Marty Reasoner wins face-off versus Valtteri Filppula in Stars zone.
17:03 of 2nd period - Wrist shot by Patrice Bergeron.
17:03 of 2nd period - Stopped by Patrick Lalime with a rebound.
17:19 of 2nd period - Tomas Plekanec is hit by Drew Stafford.
17:39 of 2nd period - Wrist shot by Alexandre Burrows.
17:39 of 2nd period - Shot Misses the Net.
17:41 of 2nd period - Wrist shot by Johan Franzen.
17:41 of 2nd period - Shot Misses the Net.
17:43 of 2nd period - Slapshot by Brent Seabrook.
17:43 of 2nd period - Shot Misses the Net.
17:45 of 2nd period - Slapshot by Cam Barker.
17:45 of 2nd period - Deflect By John Tavares.
17:45 of 2nd period - Stopped by Patrick Lalime with a rebound.
18:19 of 2nd period - Off-side.
18:20 of 2nd period - Radek Bonk wins face-off versus Henrik Sedin in neutral zone.
18:33 of 2nd period - Alexandre Burrows is hit by Alexei Morozov and loses puck.
18:48 of 2nd period - Snap shot by John Tavares.
18:48 of 2nd period - Shot Blocked by Mark Fistric.
18:50 of 2nd period - Slapshot by Randy Jones.
18:50 of 2nd period - Shot Misses the Net.
18:52 of 2nd period - Wrist shot by Éric Belanger.
18:52 of 2nd period - Shot Misses the Net.
18:54 of 2nd period - Snap shot by John Tavares.
18:54 of 2nd period - Shot Misses the Net.
18:56 of 2nd period - Slapshot by Randy Jones.
18:56 of 2nd period - Shot Misses the Net.
18:58 of 2nd period - Wrist shot by Randy Jones.
18:58 of 2nd period - Deflect By Éric Belanger.
18:58 of 2nd period - Stopped by Henrik Lundqvist with a rebound.
19:16 of 2nd period - Wrist shot by Brad Richards.
19:16 of 2nd period - Stopped by Patrick Lalime without a rebound.
19:17 of 2nd period - Henrik Sedin wins face-off versus Brad Richards in Stars zone.
19:17 of 2nd period - Henrik Sedin is hit by Milan Lucic.
19:30 of 2nd period - Snap shot by Milan Lucic.
19:30 of 2nd period - Goal by Milan Lucic - Rangers : 1 - Stars : 3.
19:31 of 2nd period - Henrik Sedin wins face-off versus Brad Richards in neutral zone.
19:37 of 2nd period - Wrist shot by Daniel Sedin.
19:37 of 2nd period - Deflect By Henrik Sedin.
19:37 of 2nd period - Stopped by Henrik Lundqvist without a rebound.
19:38 of 2nd period - Henrik Sedin wins face-off versus Brad Richards in Rangers zone.
19:49 of 2nd period - Snap shot by Daniel Sedin.
19:49 of 2nd period - Stopped by Henrik Lundqvist without a rebound.
19:50 of 2nd period - Henrik Sedin wins face-off versus Brad Richards in Rangers zone.
Goals for this period are 1 for Rangers vs 2 for Stars.
Shots for this period are 9 for Rangers vs 10 for Stars.
3rd period
0:01 of 3rd period - Brad Richards wins face-off versus Henrik Sedin in neutral zone.
0:10 of 3rd period - Milan Lucic is hit by Daniel Sedin and loses puck.
0:32 of 3rd period - Snap shot by Dustin Brown.
0:32 of 3rd period - Shot Misses the Net.
0:44 of 3rd period - Minor Penalty to Kurtis Foster for Holding.
0:45 of 3rd period - Marty Reasoner wins face-off versus Brad Richards in Stars zone.
0:50 of 3rd period - Snap shot by Brendan Bell.
0:50 of 3rd period - Shot Blocked by Milan Lucic.
1:09 of 3rd period - Off-side.
1:10 of 3rd period - Marty Reasoner wins face-off versus Patrice Bergeron in neutral zone.
2:09 of 3rd period - Johan Franzen is hit by Daniel Sedin.
2:44 of 3rd period - Penalty to Kurtis Foster is over, Kurtis Foster is back on ice.
2:48 of 3rd period - Off-side.
2:49 of 3rd period - Radek Bonk wins face-off versus Tomas Plekanec in neutral zone.
3:00 of 3rd period - Snap shot by Drew Stafford.
3:00 of 3rd period - Stopped by Patrick Lalime with a rebound.
3:19 of 3rd period - Off-side.
3:20 of 3rd period - Brad Richards wins face-off versus Henrik Sedin in neutral zone.
3:23 of 3rd period - Slapshot by Brad Richards.
3:23 of 3rd period - Stopped by Patrick Lalime with a rebound.
3:25 of 3rd period - Slapshot by Matt Greene.
3:25 of 3rd period - Deflect By Brad Richards.
3:25 of 3rd period - Shot Misses the Net.
3:25 of 3rd period - Puck is out of play.
3:26 of 3rd period - Alexei Morozov wins face-off versus Brad Richards in Stars zone.
3:26 of 3rd period - Alexei Morozov is hit by Johan Franzen.
3:34 of 3rd period - Snap shot by Henrik Sedin.
3:34 of 3rd period - Goal by Henrik Sedin - Rangers : 1 - Stars : 4.
3:35 of 3rd period - Henrik Sedin wins face-off versus Brad Richards in neutral zone.
3:39 of 3rd period - Minor Penalty to Daniel Sedin for Hooking.
3:40 of 3rd period - Marty Reasoner wins face-off versus Brad Richards in Stars zone.
3:49 of 3rd period - Pavel Kubina is hit by Brent Seabrook and loses puck.
4:14 of 3rd period - Slapshot by Cam Barker.
4:14 of 3rd period - Stopped by Patrick Lalime with a rebound.
4:16 of 3rd period - Backhand shot by Patrick Sharp.
4:16 of 3rd period - Deflect By Patrice Bergeron.
4:16 of 3rd period - Goal by Patrice Bergeron - Rangers : 2 - Stars : 4.
4:17 of 3rd period - Alexei Morozov wins face-off versus Brad Richards in neutral zone.
4:20 of 3rd period - Brad Richards is hit by Pavel Kubina and loses puck.
4:31 of 3rd period - Snap shot by Brad Richards.
4:31 of 3rd period - Shot Misses the Net.
4:33 of 3rd period - Slapshot by Brent Seabrook.
4:33 of 3rd period - Shot Misses the Net.
4:50 of 3rd period - Minor Penalty to Drew Stafford for Holding.
4:51 of 3rd period - Henrik Sedin wins face-off versus Milan Lucic in Rangers zone.
6:40 of 3rd period - Icing by Brendan Bell.
6:41 of 3rd period - Milan Lucic wins face-off versus Tomas Plekanec in Stars zone.
6:50 of 3rd period - Penalty to Drew Stafford is over, Drew Stafford is back on ice.
8:05 of 3rd period - Slapshot by John Tavares.
8:05 of 3rd period - Shot Misses the Net.
8:19 of 3rd period - Brendan Bell is hit by Alexandre Burrows and loses puck.
8:24 of 3rd period - Snap shot by Alexandre Burrows.
8:24 of 3rd period - Stopped by Patrick Lalime without a rebound.
8:25 of 3rd period - Brad Richards wins face-off versus Tomas Plekanec in Stars zone.
9:10 of 3rd period - Alexandre Burrows is hit by Brendan Bell and loses puck.
9:15 of 3rd period - Snap shot by Jan Hlavac.
9:15 of 3rd period - Shot Misses the Net.
9:17 of 3rd period - Snap shot by Daniel Cleary.
9:17 of 3rd period - Stopped by Henrik Lundqvist with a rebound.
9:19 of 3rd period - Wrist shot by Filip Novak.
9:19 of 3rd period - Shot Blocked by Mark Fistric.
9:33 of 3rd period - Slapshot by Mark Fistric.
9:33 of 3rd period - Shot Blocked by Filip Novak.
9:39 of 3rd period - Snap shot by Patrice Bergeron.
9:39 of 3rd period - Shot Blocked by Evgeny Artyukhin.
9:41 of 3rd period - Slapshot by Mark Fistric.
9:41 of 3rd period - Deflect By Éric Belanger.
9:41 of 3rd period - Stopped by Patrick Lalime without a rebound.
9:42 of 3rd period - Brad Richards wins face-off versus Henrik Sedin in Stars zone.
10:15 of 3rd period - Off-side.
10:16 of 3rd period - Brad Richards wins face-off versus Henrik Sedin in neutral zone.
10:43 of 3rd period - Shane Doan is hit by Patrice Bergeron and loses puck.
10:52 of 3rd period - Snap shot by Patrick Sharp.
10:52 of 3rd period - Stopped by Patrick Lalime with a rebound.
11:12 of 3rd period - Wrist shot by Patrice Bergeron.
11:12 of 3rd period - Stopped by Patrick Lalime without a rebound.
11:13 of 3rd period - Brad Richards wins face-off versus Marty Reasoner in Stars zone.
11:22 of 3rd period - Snap shot by Milan Lucic.
11:22 of 3rd period - Shot Misses the Net.
11:30 of 3rd period - Milan Lucic is hit by Daniel Cleary.
12:03 of 3rd period - Snap shot by Dustin Brown.
12:03 of 3rd period - Shot Misses the Net.
12:39 of 3rd period - Randy Jones is hit by Milan Lucic and loses puck.
13:06 of 3rd period - Brendan Bell is hit by Patrick Sharp and loses puck.
13:13 of 3rd period - Wrist shot by Patrick Sharp.
13:13 of 3rd period - Shot Misses the Net.
13:15 of 3rd period - Slapshot by Patrice Bergeron.
13:15 of 3rd period - Stopped by Patrick Lalime without a rebound.
13:16 of 3rd period - Tomas Plekanec wins face-off versus Radek Bonk in Stars zone.
13:25 of 3rd period - Drew Stafford is hit by Shane Doan and loses puck.
13:32 of 3rd period - Wrist shot by Alexandre Burrows.
13:32 of 3rd period - Goal by Alexandre Burrows - Rangers : 3 - Stars : 4.
13:33 of 3rd period - Brad Richards wins face-off versus Henrik Sedin in neutral zone.
14:26 of 3rd period - Slapshot by Alexandre Burrows.
14:26 of 3rd period - Stopped by Patrick Lalime with a rebound.
14:28 of 3rd period - Snap shot by Brent Seabrook.
14:28 of 3rd period - Deflect By John Tavares.
14:28 of 3rd period - Stopped by Patrick Lalime without a rebound.
14:29 of 3rd period - Brad Richards wins face-off versus Henrik Sedin in Stars zone.
14:47 of 3rd period - Henrik Sedin is hit by Milan Lucic and loses puck.
15:00 of 3rd period - Wrist shot by Milan Michalek.
15:00 of 3rd period - Stopped by Henrik Lundqvist with a rebound.
15:02 of 3rd period - Snap shot by Shane Doan.
15:02 of 3rd period - Deflect By Milan Michalek.
15:02 of 3rd period - Stopped by Henrik Lundqvist without a rebound.
15:03 of 3rd period - Patrice Bergeron wins face-off versus Tomas Plekanec in Rangers zone.
15:09 of 3rd period - Minor Penalty to Shane Doan for Tripping.
15:10 of 3rd period - Johan Franzen wins face-off versus Marty Reasoner in Stars zone.
15:39 of 3rd period - Kurtis Foster is hit by Patrice Bergeron and loses puck.
17:01 of 3rd period - Mark Fistric is hit by Brendan Bell and loses puck.
17:09 of 3rd period - Penalty to Shane Doan is over, Shane Doan is back on ice.
17:22 of 3rd period - Wrist shot by Tomas Plekanec.
17:22 of 3rd period - Stopped by Henrik Lundqvist with a rebound.
17:24 of 3rd period - Slapshot by Tomas Plekanec.
17:24 of 3rd period - Shot Blocked by Drew Stafford.
17:34 of 3rd period - Brent Seabrook is hit by Bryan Berard and loses puck.
18:42 of 3rd period - Kurtis Foster is hit by Kimmo Timonen and loses puck.
19:12 of 3rd period - Rangers, Henrik Lundqvist is pulled from the net.
19:12 of 3rd period - Backhand shot by Mark Fistric.
19:12 of 3rd period - Shot Misses the Net.
19:14 of 3rd period - Slapshot by Kimmo Timonen.
19:14 of 3rd period - Deflect By Johan Franzen.
19:14 of 3rd period - Stopped by Patrick Lalime with a rebound.
19:26 of 3rd period - Wrist shot by Johan Franzen.
19:26 of 3rd period - Stopped by Patrick Lalime with a rebound.
19:28 of 3rd period - Snap shot by Kimmo Timonen.
19:28 of 3rd period - Stopped by Patrick Lalime with a rebound.
19:30 of 3rd period - Slapshot by Mark Fistric.
19:30 of 3rd period - Stopped by Patrick Lalime without a rebound.
19:31 of 3rd period - Michel Therrien call a timeout for Rangers.
19:31 of 3rd period - Radek Bonk wins face-off versus Marty Reasoner in Stars zone.
19:34 of 3rd period - Snap shot by Johan Franzen.
19:34 of 3rd period - Goal by Johan Franzen - Rangers : 4 - Stars : 4.
19:34 of 3rd period - Henrik Lundqvist from Rangers was sent back in the game.
19:35 of 3rd period - Valtteri Filppula wins face-off versus John Tavares in neutral zone.
19:48 of 3rd period - Wrist shot by John Tavares.
19:48 of 3rd period - Shot Misses the Net.
19:50 of 3rd period - Wrist shot by Pavel Kubina.
19:50 of 3rd period - Stopped by Henrik Lundqvist with a rebound.
Goals for this period are 3 for Rangers vs 1 for Stars.
Shots for this period are 17 for Rangers vs 6 for Stars.
Overtime #1
0:01 of 1st overtime period - Henrik Sedin wins face-off versus Milan Lucic in neutral zone.
0:12 of 1st overtime period - Kurtis Foster is hit by Brad Richards and loses puck.
0:47 of 1st overtime period - Snap shot by John Tavares.
0:47 of 1st overtime period - Shot Misses the Net.
0:49 of 1st overtime period - Snap shot by Brendan Bell.
0:49 of 1st overtime period - Stopped by Henrik Lundqvist with a rebound.
0:51 of 1st overtime period - Snap shot by Brendan Bell.
0:51 of 1st overtime period - Shot Misses the Net.
0:53 of 1st overtime period - Slapshot by Kurtis Foster.
0:53 of 1st overtime period - Deflect By John Tavares.
0:53 of 1st overtime period - Goal by John Tavares - Rangers : 4 - Stars : 5.
Goals for this period are 0 for Rangers vs 1 for Stars.
Shots for this period are 0 for Rangers vs 2 for Stars.
Output by the SimonT Hockey Simulator (STHS) for François Prévost -- Original Page W3C XHTML 1.0 Valid